Match 45286288
Unlisted

Match 45286288
End
Panzergrenadier Squad
Selects Armored Support Battlegroup
Panzergrenadier Squad
Panzergrenadier Squad
Construct Light Support Kompanie
Fire Support Elements
MG34 Team
Pak 38 Mechanized Group
Combat Half-tracks
Flakvierling Half-track
2.5-tonne Medical Truck
Selects Salvage Kits
Selects Panzer Storm
Construct Panzerarmee Kommand
Pak 38 Mechanized Group
Armored Reserves
Veteran Squad Leaders
Selects Stuka Anti-tank Loiter
Selects Veteran Gunners
Vehicle Survival Package
Tiger Heavy Tank
Emergency Repair Kits
Tungsten Core Ammunition
Rapid Advance
Construct Mechanized Kompanie
Stuka Anti-tank Loiter
18-tonne Recovery Half-track
Flakvierling Half-track
Pak 38 Anti-tank Gun Team
Stuka Anti-tank Loiter
Stuka Anti-tank Loiter
Advanced Optics
Panzer IV Assault Group
2.5-tonne Medical Truck
Panzergrenadier Squad
Panzergrenadier Squad
Panzer IV Assault Group
[EC] Ouch
[EC] Comrade Sniper
Dark Lord Cthulhu
MrZiehr
DeltaBravo82
JVM
Mowferless
Phenomen
0
0

Comments sign in to comment!

No comments posted yet!